 Dungeon Crawl Stone Soup version 0.31-a0-960-g0fca184906 (webtiles) character file.

Game seed: 528318343703622147

15 Getoffmy the Ruffian (level 2, -4/27 HPs)
             Began as a Troll Shapeshifter on Oct 23, 2023.
             Slain by a hobgoblin
             ... wielding a +2 heavy falchion
              (11 damage)
             ... on level 1 of the Dungeon.
             The game lasted 00:01:06 (122 turns).

Getoffmy the Ruffian (Troll Shapeshifter)            Turns: 122, Time: 00:01:07

Health: -4/27      AC:  4    Str: 21    XL:     2   Next: 34%
Magic:  1/1        EV:  9    Int:  6    God:
Gold:   0          SH:  0    Dex:  9    Spells: 1/1 levels left

rFire   . .          .
                       - Unarmed
rCold   . . .        (no shield)
rNeg    . . .        a - +0 animal skin
rPois   .            (helmet currently unavailable)
rElec   .            (cloak currently unavailable)
rCorr   .            (gloves unavailable)
SInv    .            (boots unavailable)
Will    .....        (no amulet)
Stlth   +            (no ring)
HPRegen 1.04/turn    (no ring)
MPRegen 0.07/turn

%: no passive effects
@: beast-form
A: beast (slay +1), large, unfitting armour, claws 3, regeneration 1, shaggy fur
1, tough skin 1
a: Begin Untransformation


You were on level 1 of the Dungeon.
You were a hulking beast.
You visited 1 branch of the dungeon, and saw 1 of its levels.

Inventory:

Missiles
 e - 9 stones
Armour
 a - a +0 animal skin (worn)
Talismans
 c - a beast talisman
 d - a flux talisman
Potions
 b - a potion of lignification


   Skills:
 + Level 1.1 Fighting
 - Level 1.5 Dodging
 * Level 3.4 Unarmed Combat
 + Level 3.1 Shapeshifting


You had one spell level left.
You didn't know any spells.
Your spell library was empty.

Dungeon Overview and Level Annotations

Branches:
Dungeon (1/15)

Altars:


Innate Abilities, Weirdness & Mutations

You are a hulking beast.
Your limbs bulge with bestial killing power. (Slay +1)
You are too large for most types of armour.
You have claws for hands.
Your natural rate of healing is unusually fast.
You are covered in fur. (AC +1)
You have tough skin. (AC +1)


Message History

No target in view!
No target in view!
No target in view!
No target in view!
No target in view!
No target in view!
No target in view!
No target in view!
No target in view!
No target in view!
No target in view!
No target in view!
No target in view!
No target in view!
Items here: ) ††††.
f - a +0 short sword You drop a +0 short sword.
The kobold shouts!
You see here 3 stones.
e - 9 stones (gained 3)
You scratch the kobold.
You kill the kobold!
No target in view!
No target in view!
A hobgoblin comes into view. It is wielding a +2 heavy falchion.
Found a blue potion.
The hobgoblin shouts!
A hobgoblin is nearby!
A hobgoblin is nearby!
A hobgoblin is nearby!
A bat comes into view.
The hobgoblin hits you with a +2 heavy falchion!
You barely miss the hobgoblin. You closely miss the hobgoblin.
The hobgoblin hits you with a +2 heavy falchion!
Ouch! That really hurt!
* * * LOW HITPOINT WARNING * * *
You scratch the hobgoblin but do no damage.
The hobgoblin hits you with a +2 heavy falchion!
You die...

....#.#...##.....# ### #.#
....#.###.#####^.####8#####.#####
..>.#)###.## #.................<
...>#†.##..#####..###8#####.#####
....................###. #.#
..........#.####........ #.#
..........#...##........ #.#
.......)..###.##........ #.#
........#.......hg..b... #.#
................#....... #.#
................#......#
........#.#####.........
.......#.. ###..###.. .......##.
...# . ####### . #!.. .# ...


You could see a hobgoblin and a bat.

Vanquished Creatures
  A dart slug (D:1)
  A ball python (D:1)
  An endoplasm (D:1)
  4 jackals (D:1)
  2 bats (D:1)
  3 kobolds (D:1)
  A rat (D:1)
13 creatures vanquished.

Notes
Turn   | Place    | Note
-------+----------+-------------------------------------------
     0 | D:1      | Getoffmy the Troll Shapeshifter began the quest for the
                  | Orb.
     0 | D:1      | Reached XP level 1. HP: 18/18 MP: 0/0
    62 | D:1      | Reached skill level 1 in Fighting
    77 | D:1      | Reached XP level 2. HP: 27/27 MP: 1/1
   122 | D:1      | Slain by a hobgoblin

Illustrated notes

Levels and vault maps discovered:
D:1:      lemuel_arrival_cross, layout_rooms

Skill      XL: |  1 |
---------------+----+-----
Fighting       | 1 |  1.1
Dodging        | |  1.5
Unarmed Combat | |  3.4
Shapeshifting  | |  3.1

Action                     || total
---------------------------++-------
  Melee: Unarmed           ||    48
         Punch             ||     1
 Armour: Animal skin       ||    33
  Dodge: Dodged            ||    19

Table legend: (Time is in decaauts)
 A = Elapsed time spent in this place.
 B = Non-inter-level travel time spent in this place.
 C = Inter-level travel time spent in this place.
 D = Time resting spent in this place.
 E = Time spent auto-exploring this place.
 F = Levels seen in this place.
 G = Mean time per level.
                   A        B        C        D        E       F      G
               +--------+--------+--------+--------+--------+-----+--------+
         Total |    119 |    119 |      0 |      0 |     26 |   1 |  119.0 |
       Dungeon |    119 |    119 |      0 |      0 |     26 |   1 |  119.0 |
               +--------+--------+--------+--------+--------+-----+--------+

Top non-repeatable levels by time:
     D:1: 119 daAuts
